R - U22
GLENDALE GAUCHOS @ KINGMAN TORTS
06/17/2052
 
TOP OF THE 1ST
Sedona Steers batting - Pitching for Florence Swordfish : LHP P.J. Omundson
Pitching: LHP P.J. Omundson
Batting: RHB Jed Kelley 0-0: Foul Ball, location: 2F
0-1: Swinging Strike
0-2: Ball
1-2: Strikes out swinging
Batting: RHB Dario Pérez 0-0: Called Strike
0-1: Foul Ball, location: 2F
0-2: Ground out 4-3 (Groundball, 4M, EV 106.2 MPH)
Batting: LHB Roberto Casacos 0-0: Fly out, F7 (Flyball, 78D, EV 105.6 MPH)
Top of the 1st over - 0 runs, 0 hits, 0 errors, 0 left on base; Sedona 0 - Florence 0
BOTTOM OF THE 1ST
Florence Swordfish batting - Pitching for Sedona Steers : LHP Brian Ramos
Pitching: LHP Brian Ramos
Batting: LHB Hasan Madrigal 0-0: Ball
1-0: Foul Ball, location: 2F
1-1: Swinging Strike
1-2: Strikes out looking
Batting: RHB Oliver Cole 0-0: Ball
1-0: Ball
2-0: SINGLE (Groundball, 6MD, EV 103.1 MPH)
Batting: RHB Orlondo Avina 0-0: Called Strike
0-1: Swinging Strike
0-2: Ball
1-2: Foul Ball, location: 2F
1-2: Strikes out swinging
Batting: RHB Victor Roseman 0-0: Ball
1-0: Fly out, F4 (Popup, 4D, EV 38.1 MPH)
Bottom of the 1st over - 0 runs, 1 hit, 0 errors, 1 left on base; Sedona 0 - Florence 0
TOP OF THE 2ND
Sedona Steers batting - Pitching for Florence Swordfish : LHP P.J. Omundson
Batting: RHB Jayson Weimer 0-0: Ball
1-0: Called Strike
1-1: Fly out, F5 (Popup, 56, EV 80.6 MPH)
Batting: LHB Beau Clair 0-0: Ball
1-0: Called Strike
1-1: Called Strike
1-2: Ground out 4-3 (Groundball, 4, EV 106.2 MPH)
Batting: RHB Brian Bradley 0-0: Ball
1-0: Ball
2-0: Ball
3-0: SOLO HOME RUN (Flyball, 7D, EV 94.4 MPH), Distance : 366 ft
Batting: LHB Xavier Bradford 0-0: Foul Ball, location: 2F
0-1: Ball
1-1: Called Strike
1-2: Strikes out swinging
Top of the 2nd over - 1 run, 1 hit, 0 errors, 0 left on base; Sedona 1 - Florence 0
BOTTOM OF THE 2ND
Florence Swordfish batting - Pitching for Sedona Steers : LHP Brian Ramos
Batting: SHB Nick Drewry 0-0: Called Strike
0-1: Ball
1-1: Foul Ball, location: 2F
1-2: SINGLE (Groundball, 6D, EV 103.1 MPH)
Batting: RHB Bryan Metcalf 0-0: Ball
1-0: Fly out, F5 (Popup, 15, EV 76.2 MPH)
Batting: LHB Xaro Gómez 0-0: Swinging Strike
0-1: Called Strike
0-2: Ball
1-2: Ball
2-2: Strikes out swinging
Batting: RHB Paco Nunez 0-0: Called Strike
0-1: Swinging Strike
0-2: Foul Ball, location: 2F
0-2: Ball
1-2: Ball
2-2: Strikes out looking
Bottom of the 2nd over - 0 runs, 1 hit, 0 errors, 1 left on base; Sedona 1 - Florence 0
TOP OF THE 3RD
Sedona Steers batting - Pitching for Florence Swordfish : LHP P.J. Omundson
Batting: RHB Romelio Sierra 0-0: Called Strike
0-1: Ball
1-1: Swinging Strike
1-2: Strikes out swinging
Batting: RHB Odúbel Urena 0-0: Ball
1-0: Ball
2-0: DOUBLE (Flyball, 7LD, EV 115.6 MPH)
Batting: RHB Jed Kelley 0-0: Ball
1-0: Called Strike
1-1: Ball
2-1: Ball
3-1: Called Strike
3-2: Strikes out swinging
Batting: RHB Dario Pérez 0-0: Ball
1-0: Fly out, F7 (Flyball, 78M, EV 89.4 MPH)
Top of the 3rd over - 0 runs, 1 hit, 0 errors, 1 left on base; Sedona 1 - Florence 0
BOTTOM OF THE 3RD
Florence Swordfish batting - Pitching for Sedona Steers : LHP Brian Ramos
Batting: RHB Augustin Chávez 0-0: Ball
1-0: Ball
2-0: Ball
3-0: Called Strike
3-1: Foul Ball, location: 2F
3-2: Foul Ball, location: 2F
3-2: Strikes out looking
Batting: LHB Hasan Madrigal 0-0: Ball
1-0: Ground out 1-3 (Groundball, 34S, EV 65.6 MPH)
Batting: RHB Oliver Cole 0-0: Ball
1-0: Ground out 5-3 (Groundball, 56S, EV 92.5 MPH)
Bottom of the 3rd over - 0 runs, 0 hits, 0 errors, 0 left on base; Sedona 1 - Florence 0
TOP OF THE 4TH
Sedona Steers batting - Pitching for Florence Swordfish : LHP P.J. Omundson
Batting: LHB Roberto Casacos 0-0: Reached on error, E3 (Groundball, 34, EV 90.6 MPH)
Batting: RHB Jayson Weimer 0-0: Fly out, F8 (Line Drive, 8LD, EV 93.1 MPH)
Batting: LHB Beau Clair 0-0: Called Strike
0-1: Swinging Strike
0-2: Fielders Choice at 2nd, 6-4 (Groundball, 6, EV 83.8 MPH)
Batting: RHB Brian Bradley 0-0: Ball
1-0: Ball
2-0: Ball
3-0: Swinging Strike
3-1: SINGLE (Line Drive, 89S, EV 90.6 MPH)
Beau Clair to second
Runner from 2nd tries for 3rd, SAFE, throw by RF made to third
Batting: LHB Xavier Bradford 0-0: Ball
1-0: Foul Ball, location: 2F
1-1: Ball
2-1: Ball
Brian Bradley steals 2nd base
3-1: Foul Ball, location: 2F
3-2: Fly out, F8 (Flyball, 78D, EV 91.9 MPH)
Top of the 4th over - 0 runs, 1 hit, 1 error, 2 left on base; Sedona 1 - Florence 0
BOTTOM OF THE 4TH
Florence Swordfish batting - Pitching for Sedona Steers : LHP Brian Ramos
Batting: RHB Orlondo Avina 0-0: Hit by Pitch
Batting: RHB Victor Roseman 0-0: Ball
1-0: Called Strike
1-1: Foul Ball, location: 2F
1-2: Fly out, F8 (Flyball, 78D, EV 76.9 MPH)
Batting: SHB Nick Drewry 0-0: Called Strike
0-1: Ball
1-1: Foul Ball, location: 2F
1-2: Ball
2-2: Ball
3-2: Base on Balls
Orlondo Avina to second
Batting: RHB Bryan Metcalf 0-0: Foul Ball, location: 2F
0-1: Ball
1-1: Swinging Strike
1-2: Strikes out swinging
Batting: LHB Xaro Gómez 0-0: Called Strike
0-1: Called Strike
0-2: Strikes out swinging
Bottom of the 4th over - 0 runs, 0 hits, 0 errors, 2 left on base; Sedona 1 - Florence 0
TOP OF THE 5TH
Sedona Steers batting - Pitching for Florence Swordfish : LHP P.J. Omundson
Batting: RHB Romelio Sierra 0-0: Ball
1-0: Foul Ball, location: 2F
1-1: Foul Ball, location: 2F
1-2: Ball
2-2: Ground out 5-3 (Groundball, 56S, EV 76.9 MPH)
Batting: RHB Odúbel Urena 0-0: Called Strike
0-1: Swinging Strike
0-2: Ball
1-2: Foul Ball, location: 2F
1-2: Ball
2-2: Foul Ball, location: 2F
2-2: Ball
3-2: Foul Ball, location: 2F
3-2: Base on Balls
Batting: RHB Jed Kelley 0-0: Ball
1-0: Called Strike
1-1: Ball
2-1: Swinging Strike
2-2: Foul Ball, location: 2F
2-2: Foul Ball, location: 2F
2-2: Ball
3-2: Foul Ball, location: 2F
3-2: Ground out U3 (Groundball, 34, EV 86.2 MPH)
Odúbel Urena to second
Batting: RHB Dario Pérez 0-0: Intentional Walk
Batting: LHB Roberto Casacos 0-0: DOUBLE (Groundball, 3L, EV 106.2 MPH)
Odúbel Urena scores
Dario Pérez to third
Runner from 3rd tries for Home, SAFE, no throw by RF
Batting: RHB Jayson Weimer 0-0: Intentional Walk
Batting: LHB Beau Clair 0-0: Ball
1-0: Foul Ball, location: 2F
1-1: SINGLE (Groundball, 15S, EV 66.9 MPH) (infield hit)
Roberto Casacos to third
Jayson Weimer to second
Batting: RHB Brian Bradley 0-0: Called Strike
0-1: Ball
1-1: Fly out, F5 (Flyball, 56D, EV 97.5 MPH)
Top of the 5th over - 2 runs, 2 hits, 0 errors, 3 left on base; Sedona 3 - Florence 0
BOTTOM OF THE 5TH
Florence Swordfish batting - Pitching for Sedona Steers : LHP Brian Ramos
Batting: RHB Paco Nunez 0-0: Called Strike
0-1: Ball
1-1: Ball
2-1: Ball
3-1: Fly out, F8 (Flyball, 89M, EV 77.5 MPH)
Batting: RHB Augustin Chávez 0-0: Ball
1-0: SINGLE (Flyball, 34D, EV 95.6 MPH)
Batting: LHB Hasan Madrigal 0-0: Foul Ball, location: 2F
0-1: Called Strike
0-2: Ball
1-2: Fly out, F7 (Flyball, 7D, EV 98.1 MPH)
Batting: RHB Oliver Cole 0-0: Called Strike
0-1: Ball
1-1: Foul Ball, location: 2F
1-2: Ball
2-2: Foul Ball, location: 2F
2-2: Strikes out swinging
Bottom of the 5th over - 0 runs, 1 hit, 0 errors, 1 left on base; Sedona 3 - Florence 0
TOP OF THE 6TH
Sedona Steers batting - Pitching for Florence Swordfish : LHP P.J. Omundson
Batting: LHB Xavier Bradford 0-0: Called Strike
0-1: Ball
1-1: SINGLE (Groundball, 4MD, EV 104.4 MPH)
Pitching: RHP Cory Valentine
Batting: RHB Romelio Sierra 0-0: Sac Bunt to 25 - play at first, batter OUT! 5-3
Xavier Bradford to second
Batting: RHB Odúbel Urena 0-0: Called Strike
0-1: Fly out, F8 (Flyball, 8LD, EV 105.6 MPH)
Batting: RHB Jed Kelley 0-0: Ball
1-0: Swinging Strike
1-1: Swinging Strike
1-2: Strikes out swinging
Top of the 6th over - 0 runs, 1 hit, 0 errors, 1 left on base; Sedona 3 - Florence 0
BOTTOM OF THE 6TH
Florence Swordfish batting - Pitching for Sedona Steers : LHP Brian Ramos
Batting: RHB Orlondo Avina 0-0: Ball
1-0: Called Strike
1-1: Swinging Strike
1-2: Ball
2-2: Ball
3-2: Strikes out looking
Batting: RHB Victor Roseman 0-0: Ball
1-0: Ball
2-0: Called Strike
2-1: Ball
3-1: Foul Ball, location: 2F
3-2: Base on Balls
Batting: SHB Nick Drewry 0-0: Ball
1-0: Ball
2-0: Ball
3-0: Base on Balls
Victor Roseman to second
Batting: RHB Bryan Metcalf 0-0: Called Strike
0-1: Swinging Strike
0-2: Strikes out looking
Pinch Hitting: RHB Blue France 0-0: Ball
1-0: Fly out, F7 (Line Drive, 7, EV 95.0 MPH)
Bottom of the 6th over - 0 runs, 0 hits, 0 errors, 2 left on base; Sedona 3 - Florence 0
TOP OF THE 7TH
Sedona Steers batting - Pitching for Florence Swordfish : RHP Cory Valentine
Now in LF: Oliver Cole
Now in RF: Jordan Rothweiler
Batting: RHB Dario Pérez 0-0: Foul Ball, location: 2F
0-1: Ball
1-1: Foul Ball, location: 2F
1-2: SINGLE (Groundball, 6S, EV 65.6 MPH) (infield hit)
Batting: LHB Roberto Casacos 0-0: Ball
1-0: Called Strike
1-1: Ball
2-1: Fly out, F7 (Flyball, 7S, EV 95.6 MPH)
Batting: RHB Jayson Weimer 0-0: Called Strike
0-1: Ball
1-1: Foul Ball, location: 2F
1-2: Foul Ball, location: 2F
1-2: Ball
2-2: Foul Ball, location: 2F
2-2: Ball
3-2: Foul Ball, location: 2F
3-2: Foul Ball, location: 2F
3-2: Foul Ball, location: 2F
3-2: Foul Ball, location: 2F
3-2: Base on Balls
Dario Pérez to second
Batting: LHB Beau Clair 0-0: Ball
1-0: Foul Ball, location: 2F
1-1: Ball
2-1: Ball
3-1: Foul Ball, location: 2F
3-2: Foul Ball, location: 2F
3-2: Base on Balls
Dario Pérez to third
Jayson Weimer to second
Pitching: LHP Isaac Pough
Batting: RHB Brian Bradley 0-0: Ball
1-0: Called Strike
1-1: Grounds into double play, 5-2-3 (Groundball, 5S, EV 64.4 MPH)
Top of the 7th over - 0 runs, 1 hit, 0 errors, 2 left on base; Sedona 3 - Florence 0
BOTTOM OF THE 7TH
Florence Swordfish batting - Pitching for Sedona Steers : LHP Brian Ramos
Pinch Hitting: RHB Daniel Ruiz 0-0: Fly out, F7 (Flyball, 7LD, EV 87.5 MPH)
Batting: RHB Augustin Chávez 0-0: Foul Ball, location: 2F
0-1: DOUBLE (Line Drive, 9LM, EV 110.6 MPH)
Batting: LHB Hasan Madrigal 0-0: SINGLE (Groundball, 34D, EV 99.4 MPH)
Augustin Chávez to third
Batting: RHB Oliver Cole 0-0: Ball
1-0: Foul Ball, location: 2F
1-1: Ball
2-1: Foul Ball, location: 2F
2-2: Foul Ball, location: 2F
2-2: SINGLE (Groundball, 56D, EV 99.4 MPH)
Augustin Chávez scores
Hasan Madrigal to second
Pitching: RHP Cain Grewell
Batting: RHB Orlondo Avina 0-0: 3-RUN HOME RUN (Flyball, 78XD, EV 98.8 MPH), Distance : 399 ft
Batting: RHB Victor Roseman 0-0: Foul Ball, location: 2F
0-1: Ball
1-1: Ball
2-1: Foul Ball, location: 2F
2-2: Foul Ball, location: 2F
2-2: Strikes out swinging
Batting: SHB Nick Drewry 0-0: Fly out, F9 (Flyball, 9D, EV 100.0 MPH)
Bottom of the 7th over - 4 runs, 4 hits, 0 errors, 0 left on base; Sedona 3 - Florence 4
TOP OF THE 8TH
Sedona Steers batting - Pitching for Florence Swordfish : LHP Isaac Pough
Now at 3B: Brandon Reifman
Now at SS: Daniel Ruiz
Batting: LHB Xavier Bradford 0-0: Swinging Strike
0-1: Foul Ball, location: 2F
0-2: Foul Ball, location: 2F
0-2: Foul Ball, location: 2F
0-2: Ball
1-2: SOLO HOME RUN (Flyball, 9D, EV 93.8 MPH), Distance : 358 ft
Batting: RHB Romelio Sierra 0-0: Ball
1-0: Ground out U3 (Groundball, 13, EV 81.9 MPH)
Batting: RHB Odúbel Urena 0-0: Ball
1-0: Swinging Strike
1-1: Swinging Strike
1-2: Foul Ball, location: 2F
1-2: Strikes out swinging
Batting: RHB Jed Kelley 0-0: Ball
1-0: Ball
2-0: Called Strike
2-1: Ball
3-1: Foul Ball, location: 2F
3-2: Foul Ball, location: 2F
3-2: Fly out, F9 (Flyball, 9, EV 95.6 MPH)
Top of the 8th over - 1 run, 1 hit, 0 errors, 0 left on base; Sedona 4 - Florence 4
BOTTOM OF THE 8TH
Florence Swordfish batting - Pitching for Sedona Steers : RHP Cain Grewell
Pinch Hitting: LHB Kimberling Valleso 0-0: Called Strike
0-1: Foul Ball, location: 2F
0-2: SINGLE (Line Drive, 89S, EV 89.4 MPH)
Pitching: LHP Lyle Kelly
Pinch Hitting: RHB Brandon Brown 0-0: Ball
1-0: Bunted foul
1-1: Bunted foul
1-2: Ball
2-2: Fielders Choice at 2nd, 6-4 (Groundball, 6, EV 85.0 MPH)
Pitching: RHP Kade Wright
Batting: RHB Daniel Ruiz 0-0: Foul Ball, location: 2F
0-1: Called Strike
0-2: Ball
1-2: Ball
2-2: Strikes out looking
Batting: RHB Augustin Chávez 0-0: Fielders Choice at 2nd, U6 (Groundball, 6M, EV 106.9 MPH)
Bottom of the 8th over - 0 runs, 1 hit, 0 errors, 1 left on base; Sedona 4 - Florence 4
TOP OF THE 9TH
Sedona Steers batting - Pitching for Florence Swordfish : LHP Isaac Pough
Pitching: RHP Declan Jones
Now at 3B: Omar Espinoza
Now in RF: Zion Frehley
Pinch Hitting: LHB Delmar Gamino 0-0: Called Strike
0-1: Swinging Strike
0-2: Ball
1-2: Fly out, F3 (Line Drive, 3, EV 66.2 MPH)
Batting: LHB Roberto Casacos 0-0: Foul Ball, location: 2F
0-1: Foul Ball, location: 2F
0-2: Foul Ball, location: 2F
0-2: Hit by Pitch
Batting: RHB Jayson Weimer 0-0: Swinging Strike
0-1: Fielders Choice at 2nd, 5-4 (Groundball, 56S, EV 77.5 MPH)
Batting: LHB Beau Clair 0-0: Swinging Strike
0-1: Ground out 4-3 (Groundball, 4, EV 110.6 MPH)
Top of the 9th over - 0 runs, 0 hits, 0 errors, 1 left on base; Sedona 4 - Florence 4
BOTTOM OF THE 9TH
Florence Swordfish batting - Pitching for Sedona Steers : RHP Kade Wright
Pitching: LHP Marcel Leger
Now at SS: Alton Barca
Batting: LHB Hasan Madrigal 0-0: Ball
1-0: Fly out, F9 (Flyball, 9LS, EV 88.1 MPH)
Batting: RHB Oliver Cole 0-0: Ball
1-0: Called Strike
1-1: Called Strike
1-2: Foul Ball, location: 2F
1-2: Strikes out swinging
Batting: RHB Orlondo Avina 0-0: Ball
1-0: Called Strike
1-1: Swinging Strike
1-2: Fly out, F6 (Line Drive, 6, EV 64.4 MPH)
Bottom of the 9th over - 0 runs, 0 hits, 0 errors, 0 left on base; Sedona 4 - Florence 4
TOP OF THE 10TH
Sedona Steers batting - Pitching for Florence Swordfish : RHP Declan Jones
Batting: RHB Brian Bradley 0-0: Ball
1-0: Ball
2-0: Called Strike
2-1: Ground out 3-1 (Groundball, 34S, EV 82.5 MPH)
Batting: LHB Xavier Bradford 0-0: Called Strike
0-1: Ball
1-1: Foul Ball, location: 2F
1-2: Strikes out looking
Pinch Hitting: RHB Roman Carrejo 0-0: Called Strike
0-1: Ball
1-1: Called Strike
1-2: Foul Ball, location: 2F
1-2: Strikes out swinging
Top of the 10th over - 0 runs, 0 hits, 0 errors, 0 left on base; Sedona 4 - Florence 4
BOTTOM OF THE 10TH
Florence Swordfish batting - Pitching for Sedona Steers : LHP Marcel Leger
Now in CF: Derek Puchalski
Batting: RHB Victor Roseman 0-0: DOUBLE (Line Drive, 7LS, EV 108.1 MPH)
Batting: SHB Nick Drewry 0-0: Intentional Walk
Batting: LHB Zion Frehley 0-0: Sac Bunt to 15S - play at first, batter OUT! 1-3
Victor Roseman to third
Nick Drewry to second
Batting: RHB Omar Espinoza 0-0: Called Strike
0-1: Ball
1-1: Foul Ball, location: 2F
1-2: Ball
2-2: Fly out, F9 (Flyball, 34D, EV 76.9 MPH)
Batting: RHB Daniel Ruiz 0-0: Called Strike
0-1: Swinging Strike
0-2: Strikes out looking
Bottom of the 10th over - 0 runs, 1 hit, 0 errors, 2 left on base; Sedona 4 - Florence 4
TOP OF THE 11TH
Sedona Steers batting - Pitching for Florence Swordfish : RHP Declan Jones
Pinch Hitting: RHB Julian Lauzon 0-0: Ball
1-0: SINGLE (Groundball, 15S, EV 65.6 MPH) (infield hit)
Batting: RHB Jed Kelley 0-0: Bunted foul
0-1: Ball
1-1: Sac Bunt to 25 - play at first, batter OUT! 5-4
Julian Lauzon to second
Pinch Hitting: RHB Sorì Sánchez 0-0: Ball
1-0: Foul Ball, location: 2F
1-1: Ball
2-1: Ball
3-1: Fly out, F9 (Flyball, 8RS, EV 87.5 MPH)
Batting: LHB Roberto Casacos 0-0: Intentional Walk
Pitching: RHP Miguel Salas
Batting: RHB Jayson Weimer 0-0: Foul Ball, location: 2F
0-1: 3-RUN HOME RUN (Flyball, 89XD, EV 111.9 MPH), Distance : 417 ft
Batting: LHB Beau Clair 0-0: SINGLE (Groundball, 6M, EV 77.5 MPH) (infield hit)
Batting: RHB Brian Bradley 0-0: SINGLE (Groundball, 6M, EV 94.4 MPH)
Beau Clair to second
Runner from 2nd tries for 3rd, SAFE, throw by CF made to third
Batting: LHB Xavier Bradford 0-0: Called Strike
0-1: Ball
1-1: SINGLE (Groundball, 34S, EV 70.0 MPH) (infield hit)
Beau Clair scores
Brian Bradley to second
Batting: RHB Derek Puchalski 0-0: Ground out 4-3 (Groundball, 4, EV 107.5 MPH)
Top of the 11th over - 4 runs, 5 hits, 0 errors, 2 left on base; Sedona 8 - Florence 4
BOTTOM OF THE 11TH
Florence Swordfish batting - Pitching for Sedona Steers : LHP Marcel Leger
Pitching: RHP Alvino Rios
Now at C: Roansy Pera
Now at SS: Hartigan Henning
Batting: RHB Augustin Chávez 0-0: SINGLE (Line Drive, 4D, EV 103.1 MPH)
Pinch Hitting: RHB Liam Knapp 0-0: Called Strike
0-1: Ball
1-1: Called Strike
1-2: Fielders Choice at 2nd, 5-4 (Groundball, 56S, EV 90.0 MPH)
Batting: RHB Oliver Cole 0-0: Ball
1-0: Foul Ball, location: 2F
1-1: Fly out, F9 (Flyball, 9LS, EV 88.8 MPH)
Batting: RHB Orlondo Avina 0-0: Called Strike
0-1: Fly out, F8 (Flyball, 8RD, EV 88.1 MPH)
Bottom of the 11th over - 0 runs, 1 hit, 0 errors, 1 left on base; Sedona 8 - Florence 4
Thursday, April 25th , 2024 - OOTP Baseball 24.11 Build 85